 Dungeon Crawl Stone Soup version 0.22.0-75-g3901e79 (webtiles) character file.

624 Fang the Chopper (level 7, 0/44 HPs)
             Began as a Gargoyle Berserker on Sept 13, 2018.
             Was a Priest of Trog.
             Slain by a hound (4 damage)
             ... on level 5 of the Dungeon.
             The game lasted 00:03:34 (4106 turns).

Fang the Chopper (Gargoyle Berserker)               Turns: 4106, Time: 00:03:34

Health: 0/44       AC:  7    Str: 22    XL:     7   Next: 47%
Magic:  16/16      EV: 13    Int:  8    God:    Trog [***...]
Gold:   156        SH:  3    Dex:  9    Spells: 6/6 levels left

rFire    . . .     SeeInvis .   a - +0 hand axe
rCold    . . .     Gourm    .   (no shield)
rNeg     + . .     Faith    .   b - +0 animal skin
rPois    ∞         Spirit   .   (no helmet)
rElec    +         Reflect  +   (no cloak)
rCorr    .         Harm     .   (no gloves)
MR       +....                  (no boots)
Stlth    ++........             o - +3 amulet of reflection
HPRegen  0.14/turn              d - ring of magical power
MPRegen  0.15/turn              u - ring of protection from magic

@: no status effects
A: negative energy resistance 1, electricity resistance, unbreathing,
petrification resistance, rot immunity, AC +4
a: Berserk, Trog's Hand, Renounce Religion


You were on level 5 of the Dungeon.
You worshipped Trog.
Trog was most pleased with you.
You were not hungry.

You visited 2 branches of the dungeon, and saw 6 of its levels.

You collected 156 gold pieces.

Inventory:

Hand Weapons
 a - a +0 hand axe (weapon)
Armour
 b - a +0 animal skin (worn)
Jewellery
 d - a ring of magical power (left hand)
 o - a +3 amulet of reflection (around neck)
 u - a ring of protection from magic (right hand)
Scrolls
 e - 12 scrolls of identify {unknown}
 h - 3 scrolls of teleportation {unknown}
 j - 3 scrolls of remove curse {unknown}
 n - 3 scrolls of enchant weapon {unknown}
 p - a scroll of blinking {unknown}
 q - a scroll of magic mapping {unknown}
 s - 2 scrolls of immolation {unknown}
 t - a scroll of fear {unknown}
 v - a scroll of enchant armour {unknown}
Potions
 f - a potion of resistance {unknown}
 g - 3 potions of degeneration {unknown}
 i - 2 potions of curing {unknown}
 k - a potion of agility {unknown}
 l - 2 potions of heal wounds {unknown}
 m - a potion of flight {unknown}
 r - a potion of haste {unknown}
Comestibles
 c - 8 rations
 w - 5 chunks of flesh


   Skills:
 + Level 4.9 Fighting
 + Level 5.7 Axes
 + Level 2.3 Armour
 + Level 3.5 Dodging
 + Level 2.1 Stealth


You had 6 spell levels left.
You didn't know any spells.
Your spell library was empty.

Dungeon Overview and Level Annotations

Branches:
Dungeon (5/15)             Temple (1/1) D:4

Altars:
Okawaru


Innate Abilities, Weirdness & Mutations

You are resistant to torment.
Your stone body is resilient. (AC +4)
You are immune to poison.
You resist negative energy. (rN+)
You are resistant to electric shocks. (rElec)
You can survive without breathing.
You are immune to petrification.
You are immune to rotting.


Message History

You closely miss the hound.
The hound is severely wounded.
The hound bites you.
* * * LOW HITPOINT WARNING * * *
You barely miss the hound.
The hound is severely wounded.
The hound bites you but does no damage. The hound closely misses you.
You hit the hound.
The hound is severely wounded.
The hound bites you but does no damage.
You closely miss the hound.
The hound is severely wounded.
The hound bites you but does no damage. The hound completely misses you.
You closely miss the hound.
The hound is severely wounded.
The hound bites you but does no damage.
You hit the hound.
The hound is severely wounded.
The hound bites you but does no damage. The hound bites you.
You die...

...# #...
###.######..##..... ..#
.........).....# .....#.
.......##...#### #......
...[.>. #.....####....#.
..h.... #.......##......
# .......
#.....#.##....# .#
....... #..h........#
... .....!.
#..@.....##.#####..#
.......
#....##.............
.......##............#
.........###.......#####
...................#####
.........###............
........................
...........#.......#....
... ...............


You could see a hound.

Vanquished Creatures
  A sky beast (D:5)
  An ice beast (D:5)
  A centaur (D:5)
  A crimson imp (D:5)
  2 hounds
  A bullfrog skeleton (D:5)
  A centaur skeleton (D:4)
  An orc wizard (D:4)
  A worker ant (D:5)
  A hound skeleton (D:4)
  A worker ant zombie (D:5)
  5 adders
  A shadow imp (D:3)
  An ooze (D:2)
  3 dart slugs
  3 leopard geckos
  10 orcs
  3 giant cockroaches (D:1)
  5 goblins
  11 hobgoblins
  5 jackals
  2 quokkas
  2 ball pythons
  5 bats
  3 frilled lizards
  4 kobolds
  4 rats (D:3)
79 creatures vanquished.

Notes
Turn   | Place    | Note
-------+----------+-------------------------------------------
     0 | D:1      | Fang the Gargoyle Berserker began the quest for the Orb.
     0 | D:1      | Reached XP level 1. HP: 14/14 MP: 1/1
    81 | D:1      | Reached XP level 2. HP: 15/19 MP: 2/2
   214 | D:1      | Found an iron altar of Okawaru.
   218 | D:1      | Reached skill level 3 in Axes
  1091 | D:2      | Reached XP level 3. HP: 22/24 MP: 3/3
  1750 | D:3      | Reached ** piety under Trog
  1751 | D:3      | Reached XP level 4. HP: 15/29 MP: 4/4
  2160 | D:3      | Reached XP level 5. HP: 29/33 MP: 5/5
  2457 | D:4      | Reached skill level 4 in Axes
  2938 | D:4      | Found a staircase to the Ecumenical Temple.
  3121 | Temple   | Entered the Ecumenical Temple
  3383 | D:4      | Reached skill level 1 in Stealth
  3667 | D:5      | Entered Level 5 of the Dungeon
  3715 | D:5      | Reached XP level 6. HP: 39/39 MP: 6/6
  3942 | D:5      | Noticed an ice beast
  3952 | D:5      | Killed an ice beast
  4007 | D:5      | Reached *** piety under Trog
  4029 | D:5      | Noticed a sky beast
  4030 | D:5      | Reached skill level 5 in Axes
  4040 | D:5      | Reached XP level 7. HP: 5/44 MP: 7/7
  4106 | D:5      | Slain by a hound

Skill      XL: |  1  2  3  4  5  6  7 |
---------------+----------------------+-----
Axes           | 3 4 5 |  5.7
Fighting       | 4 |  4.9
Dodging        | 2 3 |  3.5
Stealth        | 1 2 |  2.1
Armour         | |  2.3

Action                   |  1- 3 |  4- 6 |  7- 9 || total
-------------------------+-------+-------+-------++-------
Melee: Hand axe          |   112 |   200 |    27 ||   339
Invok: Berserk           |     1 |     3 |       ||     4
 Stab: Sleeping          |     1 |     1 |       ||     2
  Eat: Chunk             |     2 |    10 |     2 ||    14
Armor: Animal skin       |    60 |    63 |    15 ||   138
Dodge: Dodged            |    92 |   120 |    16 ||   228
Block: Other             |       |    23 |     4 ||    27
